[ AOE2 MATCH · #513885298 ]
UnrankedPersians vs Khmer
Player's team · WIN
Rival team · LOSS
[ REPLAY ANALYSIS · EXTRACTED FROM THE RECORDED GAME ]
Feudal
19:57
Castle
23:54
Imperial
—
| APM avg | 51.8 |
| APM peak | 90 |
| eAPM avg | 15.7 |
| Villagers / military | 73 / 25 |
Focus
⚔️ 28.9% · 🌾 71.1%
Camel Scout ×10 · Scout Cavalry ×7 · War Elephant ×4 · Knight ×2 · Monk ×1 · Spearman ×1
Feudal
18:44
Castle
22:49
Imperial
—
| APM avg | 28.4 |
| APM peak | 59 |
| eAPM avg | 13.7 |
| Villagers / military | 56 / 14 |
Focus
⚔️ 27.6% · 🌾 72.4%
Knight ×4 · Spearman ×4 · Scout Cavalry ×3 · Monk ×2 · Battle Elephant ×1
Match map
Initial resources + every placement click. Lines = walls · curves = elevation contours. ◆ gold · ⬟ stone · ● berries · ✦ relic · ◌ wall gap
Your base· Open — unwalled flank
kinghandles's base· Open — unwalled flank
Smoothed initial terrain · ◌ = detected wall gap · hover for details
Inputs per minute
— _EXTERMINATION_ - - kinghandles
Build order — _EXTERMINATION_
First 150 of 186 actions detected
| 0:01 | Queue | Villager (Male) |
| 0:02 | Build | House |
| 0:03 | Build | House |
| 0:04 | Queue | Villager (Male) |
| 0:04 | Queue | Villager (Male) |
| 0:05 | Queue | Villager (Male) |
| 0:09 | Queue | Villager (Male) |
| 1:22 | Queue | Villager (Male) |
| 1:52 | Queue | Villager (Male) |
| 2:23 | Queue | Villager (Male) |
| 2:46 | Build | Lumber Camp |
| 2:59 | Queue | Villager (Male) |
| 3:05 | Queue | Villager (Male) |
| 3:21 | Build | House |
| 3:49 | Queue | Villager (Male) |
| 4:01 | Queue | Villager (Male) |
| 4:10 | Queue | Villager (Male) |
| 4:13 | Build | House |
| 4:32 | Queue | Villager (Male) |
| 6:09 | Queue | Villager (Male) |
| 6:09 | Queue | Villager (Male) |
| 6:34 | Build | Town Center |
| 6:43 | Build | Palisade Wall |
| 6:46 | Build | Palisade Wall |
| 7:18 | Build | Mill |
| 7:36 | Queue | Villager (Male) |
| 7:36 | Queue | Villager (Male) |
| 7:51 | Queue | Villager (Male) |
| 8:44 | Queue | Villager (Male) |
| 9:22 | Queue | Villager (Male) |
| 9:45 | Research | Loom |
| 10:18 | Queue | Villager (Male) |
| 10:18 | Queue | Villager (Male) |
| 10:21 | Queue | Villager (Male) |
| 11:05 | Queue | Villager (Male) |
| 11:07 | Build | House |
| 11:08 | Build | House |
| 11:29 | Queue | Villager (Male) |
| 11:46 | Build | House |
| 11:47 | Build | House |
| 12:18 | Queue | Villager (Male) |
| 12:46 | Build | Town Center |
| 12:51 | Build | Palisade Wall |
| 12:52 | Build | Palisade Wall |
| 12:53 | Build | Palisade Wall |
| 12:55 | Build | Palisade Wall |
| 13:19 | Queue | Villager (Male) |
| 13:45 | Queue | Villager (Male) |
| 13:45 | Queue | Villager (Male) |
| 14:17 | Queue | Villager (Male) |
| 14:42 | Build | Farm |
| 14:42 | Build | Farm |
| 14:42 | Build | Farm |
| 14:43 | Build | Farm |
| 14:43 | Build | Farm |
| 14:43 | Build | Farm |
| 15:20 | Build | House |
| 15:28 | Build | House |
| 15:31 | Queue | Villager (Male) |
| 15:33 | Queue | Villager (Male) |
| 15:39 | Queue | Villager (Male) |
| 15:54 | Queue | Villager (Male) |
| 15:59 | Build | Farm |
| 16:00 | Build | Farm |
| 16:01 | Queue | Villager (Male) |
| 16:59 | Build | Mill |
| 17:03 | Queue | Villager (Male) |
| 17:15 | Build | Lumber Camp |
| 17:36 | Research | Feudal Age |
| 18:49 | Build | Barracks |
| 19:34 | Queue | Villager (Male) |
| 19:57 | Age | Feudal Age |
| 19:59 | Build | Stable |
| 20:01 | Research | Double-Bit Axe |
| 20:03 | Queue | Villager (Male) |
| 20:07 | Queue | Spearman |
| 20:36 | Build | Blacksmith |
| 20:39 | Build | Palisade Wall |
| 20:41 | Build | Palisade Wall |
| 20:43 | Queue | Villager (Male) |
| 20:49 | Build | Palisade Wall |
| 20:51 | Queue | Scout Cavalry |
| 20:51 | Queue | Scout Cavalry |
| 21:05 | Queue | Villager (Male) |
| 21:08 | Queue | Scout Cavalry |
| 21:20 | Build | Mining Camp |
| 21:22 | Research | Castle Age |
| 21:30 | Build | House |
| 21:31 | Build | House |
| 21:45 | Queue | Scout Cavalry |
| 21:57 | Queue | Scout Cavalry |
| 22:03 | Queue | Scout Cavalry |
| 22:18 | Queue | Scout Cavalry |
| 22:40 | Build | Farm |
| 22:40 | Build | Farm |
| 22:41 | Build | Farm |
| 22:43 | Research | Horse Collar |
| 22:58 | Queue | Villager (Male) |
| 23:18 | Research | Forging |
| 23:48 | Queue | Villager (Male) |
| 23:54 | Age | Castle Age |
| 23:58 | Queue | Camel Scout |
| 24:04 | Build | Farm |
| 24:05 | Build | Farm |
| 24:05 | Build | Farm |
| 24:05 | Build | Farm |
| 24:05 | Build | Farm |
| 24:07 | Queue | Villager (Male) |
| 24:29 | Queue | Camel Scout |
| 24:40 | Queue | Villager (Male) |
| 24:41 | Queue | Villager (Male) |
| 24:45 | Build | Farm |
| 24:46 | Build | Farm |
| 24:47 | Build | Farm |
| 24:47 | Build | Farm |
| 25:07 | Queue | Camel Scout |
| 25:07 | Queue | Camel Scout |
| 25:08 | Queue | Villager (Male) |
| 25:31 | Queue | Camel Scout |
| 25:37 | Queue | Camel Scout |
| 25:38 | Queue | Villager (Male) |
| 25:43 | Build | Farm |
| 25:47 | Queue | Villager (Male) |
| 25:50 | Build | Monastery |
| 26:11 | Build | Palisade Wall |
| 26:13 | Build | Palisade Wall |
| 26:15 | Build | Palisade Wall |
| 26:16 | Build | Palisade Wall |
| 26:18 | Build | Palisade Wall |
| 26:20 | Build | Palisade Wall |
| 26:22 | Build | Palisade Wall |
| 26:23 | Queue | Villager (Male) |
| 26:25 | Build | Palisade Wall |
| 26:26 | Build | Palisade Wall |
| 26:28 | Build | Palisade Wall |
| 26:38 | Research | Bloodlines |
| 26:39 | Queue | Villager (Male) |
| 26:46 | Queue | Villager (Male) |
| 26:51 | Queue | Camel Scout |
| 27:03 | Queue | Camel Scout |
| 27:08 | Queue | Villager (Male) |
| 27:21 | Build | House |
| 27:22 | Build | House |
| 27:38 | Build | Castle |
| 27:51 | Queue | Camel Scout |
| 27:52 | Queue | Knight |
| 28:11 | Queue | Villager (Male) |
| 28:27 | Queue | Camel Scout |
| 28:53 | Queue | War Elephant |
| 28:58 | Queue | Villager (Male) |
Build order — kinghandles
134 actions detected in the replay
| 0:00 | Queue | Villager (Male) |
| 0:01 | Queue | Villager (Male) |
| 0:01 | Queue | Villager (Male) |
| 0:02 | Build | House |
| 0:03 | Build | House |
| 0:08 | Queue | Villager (Male) |
| 1:25 | Queue | Villager (Male) |
| 1:57 | Queue | Villager (Male) |
| 2:16 | Queue | Villager (Male) |
| 2:29 | Queue | Villager (Male) |
| 2:53 | Queue | Villager (Male) |
| 3:47 | Queue | Villager (Male) |
| 3:47 | Queue | Villager (Male) |
| 4:08 | Queue | Villager (Male) |
| 4:21 | Queue | Villager (Male) |
| 4:41 | Build | House |
| 4:42 | Research | Loom |
| 5:05 | Queue | Villager (Male) |
| 5:11 | Build | Mill |
| 5:33 | Queue | Villager (Male) |
| 5:46 | Queue | Villager (Male) |
| 6:14 | Build | House |
| 6:18 | Queue | Villager (Male) |
| 6:29 | Build | House |
| 6:39 | Build | House |
| 7:09 | Queue | Villager (Male) |
| 7:09 | Queue | Villager (Male) |
| 7:50 | Build | Lumber Camp |
| 7:54 | Queue | Villager (Male) |
| 8:24 | Queue | Villager (Male) |
| 8:26 | Queue | Villager (Male) |
| 9:13 | Queue | Villager (Male) |
| 9:39 | Queue | Villager (Male) |
| 9:52 | Build | House |
| 9:54 | Build | House |
| 9:59 | Build | House |
| 11:56 | Build | House |
| 13:34 | Build | Town Center |
| 14:04 | Queue | Villager (Male) |
| 14:04 | Queue | Villager (Male) |
| 14:04 | Queue | Villager (Male) |
| 14:07 | Queue | Villager (Male) |
| 14:07 | Queue | Villager (Male) |
| 14:07 | Queue | Villager (Male) |
| 14:52 | Build | Farm |
| 14:55 | Build | Farm |
| 14:55 | Build | Farm |
| 14:56 | Build | Farm |
| 14:56 | Build | Farm |
| 14:56 | Build | Farm |
| 14:57 | Build | Farm |
| 14:57 | Build | Farm |
| 14:57 | Build | Farm |
| 15:02 | Queue | Villager (Male) |
| 15:02 | Queue | Villager (Male) |
| 15:03 | Queue | Villager (Male) |
| 15:22 | Build | Farm |
| 15:23 | Build | Farm |
| 15:49 | Build | Farm |
| 16:32 | Research | Feudal Age |
| 16:36 | Build | Lumber Camp |
| 16:45 | Build | Farm |
| 18:26 | Queue | Villager (Male) |
| 18:34 | Build | Farm |
| 18:35 | Build | Farm |
| 18:44 | Age | Feudal Age |
| 18:46 | Build | Market |
| 19:10 | Queue | Villager (Male) |
| 19:14 | Build | Farm |
| 19:24 | Build | Stable |
| 19:34 | Queue | Villager (Male) |
| 20:09 | Research | Castle Age |
| 20:14 | Build | Palisade Wall |
| 20:34 | Queue | Scout Cavalry |
| 20:34 | Queue | Scout Cavalry |
| 20:46 | Queue | Villager (Male) |
| 20:58 | Build | Farm |
| 20:59 | Build | Farm |
| 21:14 | Queue | Scout Cavalry |
| 21:18 | Build | Farm |
| 21:44 | Research | Double-Bit Axe |
| 22:24 | Queue | Villager (Male) |
| 22:49 | Age | Castle Age |
| 23:01 | Queue | Knight |
| 23:01 | Queue | Knight |
| 23:34 | Build | Lumber Camp |
| 23:42 | Queue | Villager (Male) |
| 23:56 | Build | Farm |
| 24:07 | Queue | Villager (Male) |
| 24:28 | Queue | Villager (Male) |
| 24:46 | Research | Bow Saw |
| 25:09 | Queue | Villager (Male) |
| 25:12 | Build | Mining Camp |
| 25:40 | Queue | Villager (Male) |
| 25:40 | Queue | Villager (Male) |
| 25:40 | Queue | Villager (Male) |
| 25:52 | Build | Barracks |
| 26:06 | Research | Horse Collar |
| 26:12 | Build | Farm |
| 26:36 | Queue | Villager (Male) |
| 27:02 | Queue | Spearman |
| 27:02 | Queue | Spearman |
| 27:17 | Queue | Villager (Male) |
| 27:24 | Queue | Villager (Male) |
| 27:36 | Build | Town Center |
| 27:43 | Queue | Spearman |
| 27:45 | Queue | Knight |
| 27:45 | Queue | Knight |
| 27:50 | Queue | Battle Elephant |
| 28:02 | Queue | Villager (Male) |
| 28:15 | Queue | Spearman |
| 28:28 | Queue | Villager (Male) |
| 28:29 | Queue | Villager (Male) |
| 29:12 | Queue | Villager (Male) |
| 29:14 | Queue | Villager (Male) |
| 29:17 | Build | Mining Camp |
| 29:19 | Queue | Villager (Male) |
| 29:50 | Build | Monastery |
| 30:08 | Build | Farm |
| 30:08 | Build | Farm |
| 30:08 | Build | Farm |
| 30:08 | Build | Farm |
| 30:09 | Build | Farm |
| 30:09 | Build | Farm |
| 30:09 | Build | Farm |
| 30:09 | Build | Farm |
| 30:10 | Build | Farm |
| 30:20 | Queue | Monk |
| 31:12 | Queue | Monk |
| 31:19 | Build | Lumber Camp |
| 31:29 | Queue | Villager (Male) |
| 31:45 | Queue | Villager (Male) |
| 31:58 | Build | House |
| 32:00 | Build | House |
Match timeline
| 6:43 | _EXTERMINATION_ · wall_segment Palisade Wall x1 |
| 6:46 | _EXTERMINATION_ · wall_segment Palisade Wall x1 |
| 12:51 | _EXTERMINATION_ · wall_segment Palisade Wall x1 |
| 12:52 | _EXTERMINATION_ · wall_segment Palisade Wall x1 |
| 12:53 | _EXTERMINATION_ · wall_segment Palisade Wall x1 |
| 12:55 | _EXTERMINATION_ · wall_segment Palisade Wall x1 |
| 18:44 | kinghandles · age_up feudal |
| 18:49 | _EXTERMINATION_ · first_building Barracks |
| 19:24 | kinghandles · first_building Stable |
| 19:57 | _EXTERMINATION_ · age_up feudal |
| 19:59 | _EXTERMINATION_ · first_building Stable |
| 20:06 | kinghandles · first_market_sell 100 wood |
| 20:14 | kinghandles · wall_segment Palisade Wall x8 |
| 20:39 | _EXTERMINATION_ · wall_segment Palisade Wall x6 |
| 20:41 | _EXTERMINATION_ · wall_segment Palisade Wall x2 |
| 20:49 | _EXTERMINATION_ · wall_segment Palisade Wall x3 |
| 22:49 | kinghandles · age_up castle |
| 23:28 | kinghandles · first_market_buy 100 stone |
| 23:54 | _EXTERMINATION_ · age_up castle |
| 25:50 | _EXTERMINATION_ · first_building Monastery |
| 25:52 | kinghandles · first_building Barracks |
| 26:11 | _EXTERMINATION_ · wall_segment Palisade Wall x1 |
| 26:13 | _EXTERMINATION_ · wall_segment Palisade Wall x1 |
| 26:15 | _EXTERMINATION_ · wall_segment Palisade Wall x1 |
| 26:16 | _EXTERMINATION_ · wall_segment Palisade Wall x1 |
| 26:18 | _EXTERMINATION_ · wall_segment Palisade Wall x1 |
| 26:20 | _EXTERMINATION_ · wall_segment Palisade Wall x1 |
| 26:22 | _EXTERMINATION_ · wall_segment Palisade Wall x1 |
| 26:25 | _EXTERMINATION_ · wall_segment Palisade Wall x1 |
| 26:26 | _EXTERMINATION_ · wall_segment Palisade Wall x1 |
| 26:28 | _EXTERMINATION_ · wall_segment Palisade Wall x1 |
| 27:38 | _EXTERMINATION_ · first_building Castle |
| 29:50 | kinghandles · first_building Monastery |
| 32:35 | kinghandles · resign |
[ AI ANALYSIS · 1 CREDIT ]
What really happened in this match?
Wolo.gg analyzes every decision: build order, eco, micro, common mistakes by bracket. Personalized analysis on WhatsApp or Discord in 30 seconds.
Civ guide
Persians
Perfil
Jugador #3869590